 Dungeon Crawl Stone Soup version 0.28.0-49-g6dfe1f597d (webtiles) character file.

Game seed: 13742392907612355855

35 WTDorsey the Grasshopper (level 3, 0/35 HPs)
             Began as a Troll Warper on May 18, 2022.
             Killed from afar by an orc wizard (7 damage)
             ... with a puff of flame
             ... on level 3 of the Dungeon.
             The game lasted 00:16:08 (797 turns).

WTDorsey the Grasshopper (Troll Warper)              Turns: 797, Time: 00:16:08

Health: 0/35       AC:  4    Str: 19    XL:     3   Next: 16%
Magic:  4/4        EV: 10    Int:  9    God:
Gold:   17         SH:  0    Dex: 11    Spells: 4/4 levels left

rFire   . . .      SeeInvis .   m - +0 short sword
rCold   + . .      Faith    .   (no shield)
rNeg    . . .      Spirit   .   a - +0 robe
rPois   .          Reflect  .   (helmet restricted)
rElec   .          Harm     .   (no cloak)
rCorr   .          Rampage  .   (gloves unavailable)
Will    +....                   (boots unavailable)
Stlth   +.........              (no amulet)
HPRegen 0.91/turn               d - ring of willpower
MPRegen 0.09/turn               h - ring of protection from cold

@: no status effects
A: large, unfitting armour, claws 3, regeneration 1, shaggy fur 1, tough skin 1
a: no special abilities


You were on level 3 of the Dungeon.
You visited 1 branch of the dungeon, and saw 3 of its levels.

You collected 17 gold pieces.

Inventory:

Hand Weapons
 j - a +0 hunting sling
 m - a +0 short sword (weapon)
Missiles
 c - 3 boomerangs of dispersal (quivered)
 g - 16 bolts
 k - 18 stones
 l - 42 sling bullets
Armour
 a - a +0 robe (worn)
Magical Staves
 e - a staff of conjuration
 o - a staff of death
Jewellery
 d - a ring of willpower (left claw)
 h - a ring of protection from cold (right claw)
Scrolls
 b - a scroll of blinking
Potions
 f - a potion of flight


   Skills:
 + Level 1.8 Fighting
 + Level 1.3 Throwing
 + Level 2.1 Dodging
 + Level 2.2 Unarmed Combat
 + Level 1.4 Spellcasting
 + Level 2.4 Translocations


You had 4 spell levels left.
You didn't know any spells.
Your spell library contained the following spells:

 Spells                   Type           Power      Damage    Failure   Level
 Blink                    Tloc           10%        N/A       21%         2
 Gell's Gravitas          Tloc           5%         N/A       36%         3
 Lesser Beckoning         Tloc           5%         N/A       36%         3
 Teleport Other           Tloc           5%         N/A       36%         3
 Cause Fear               Hex            0%         N/A       98%         4
 Manifold Assault         Tloc           5%         N/A       98%         5
 Dragon Form              Tmut           0%         N/A       100%        7
 Dragon's Call            Summ           0%         N/A       100%        9


Dungeon Overview and Level Annotations

Branches:
Dungeon (3/15)

Altars:

Shops:
D:2 ?


Innate Abilities, Weirdness & Mutations

You are too large for most types of armour.
You have claws for hands.
Your natural rate of healing is unusually fast.
You are covered in fur. (AC +1)
You have tough skin. (AC +1)


Message History

The frilled lizard closely misses you. Something hits you.
You closely miss something.
The frilled lizard bites you but does no damage.
Something hits you. The frilled lizard barely misses you.
You closely miss something. Something hits you but does no damage.
The frilled lizard closely misses you. Something hits you.
You barely miss something. The frilled lizard barely misses you.
Something hits you but does no damage.
You hit something. Your claw misses something.
The frilled lizard bites you but does no damage.
You hear some strange, mumbled words.
Something tries to affect you, but you resist.
You hit something. The frilled lizard bites you. Something hits you.
The frilled lizard barely misses you. Something hits you but does no damage.
Things that are here:
a +0 falchion; a +0 chain mail You miss the frilled lizard.
The frilled lizard barely misses you. Something hits you but does no damage.
You closely miss the frilled lizard.
The frilled lizard bites you but does no damage.
Something hits you but does no damage.
Throw: 4 boomerangs (disperse)
Press: ? - help, Q - select action, (/) - cycle Shift-Dir - straight line You throw a boomerang of dispersal.
The frilled lizard bites you. Something hits you.
You hit the frilled lizard.
You kill the frilled lizard!
Something hits you. Something hits you.
You hit something but do no damage. Something hits you.
You hit something.
Something hits you but does no damage. x2
You hear some strange, mumbled words.
A puff of flame appears from out of thin air!
The puff of flame hits you!
* * * LOW HITPOINT WARNING * * *
You hit something.
You hear some strange, mumbled words.
A puff of flame appears from out of thin air!
The puff of flame hits you!
You die...

#.# ... #.# #.#
###############.# #
................#.#
.......†).......#.#
#####.){@........#
.......########.###
####### #.# #.#####
#....<# #######


There were no monsters in sight!

Vanquished Creatures
  A worm (D:2)
  A dart slug (D:2)
  2 orcs (D:3)
  A bat (D:2)
  3 endoplasms (D:2)
  2 giant cockroaches
  A goblin (D:2)
  2 hobgoblins (D:2)
  A quokka (D:2)
  3 ball pythons (D:2)
  4 frilled lizards
  3 kobolds (D:2)
  3 rats
27 creatures vanquished.

Notes
Turn   | Place    | Note
-------+----------+-------------------------------------------
     0 | D:1      | WTDorsey the Troll Warper began the quest for the Orb.
     0 | D:1      | Reached XP level 1. HP: 19/19 MP: 1/1
   343 | D:2      | Reached skill level 1 in Throwing
   348 | D:2      | Reached XP level 2. HP: 9/27 MP: 2/2
   575 | D:2      | Found Jyn Jies's Magic Scroll Shop.
   616 | D:2      | Reached XP level 3. HP: 28/35 MP: 4/4
   797 | D:3      | Killed from afar by an orc wizard

Illustrated notes

Levels and vault maps discovered:
D:1:      psy_arrival_basics, layout_loops_cross,
          chequers_ecumenical_altar_simple
D:2:      layout_rooms, serial_shops, nicolae_shop_behind_doors, st_stairs_7
D:3:      layout_basic, ebering_ghost_gozag, kennysheep_doodads

Skill      XL: |  1 |
---------------+----+-----
Dodging        | 2 |  2.1
Throwing       | 1 |  1.3
Fighting       | |  1.8
Unarmed Combat | |  2.2
Spellcasting   | |  1.4
Translocations | |  2.4

Action                   || total
-------------------------++-------
Melee: Unarmed           ||    30
       Dagger            ||    73
       Punch             ||     2
       Short sword       ||    27
Throw: Boomerang         ||     2
  Use: Scroll            ||     2
Armor: Robe              ||    44
Dodge: Dodged            ||    70
